 Dungeon Crawl Stone Soup version 0.28.0-53-g5a82cb258f (webtiles) character file.

Game seed: 7772917954057914219

20 eooof the Chopper (level 2, 0/27 HPs)
             Began as a Hill Orc Monk on June 29, 2022.
             Was a Follower of Beogh.
             Succumbed to an adder's poison
             ... on level 4 of the Dungeon.
             The game lasted 00:07:37 (1672 turns).

eooof the Chopper (Hill Orc Monk)                   Turns: 1672, Time: 00:07:38

Health: 0/27       AC:  2    Str: 13    XL:     2   Next: 79%
Magic:  2/2        EV: 13    Int: 10    God:    Beogh [*.....]
Gold:   34         SH:  0    Dex: 19    Spells: 1/1 levels left

rFire   . . .      SeeInvis .   a - +0 hand axe
rCold   . . .      Faith    .   (no shield)
rNeg    . . .      Spirit   .   b - +0 robe
rPois   .          Reflect  .   (no helmet)
rElec   .          Harm     .   (no cloak)
rCorr   .          Rampage  .   (no gloves)
Will    .....                   (no boots)
Stlth   ++........              e - amulet of regeneration
HPRegen 0.89/turn               c - +6 ring of dexterity
MPRegen 0.08/turn               (no ring)

@: lethally poisoned (0 -> -5)
A: no striking features
a: Renounce Religion


You were on level 4 of the Dungeon.
You worshipped Beogh.
Beogh was aware of your devotion.
You visited 1 branch of the dungeon, and saw 4 of its levels.

You collected 34 gold pieces.

Inventory:

Hand Weapons
 a - a +0 hand axe (weapon)
 h - a +4 dagger
Armour
 b - a +0 robe (worn)
Magical Staves
 d - a staff of poison
Jewellery
 c - a +6 ring of dexterity (left hand)
 e - an amulet of regeneration (around neck)
Scrolls
 f - a scroll of noise {unknown}
 g - a scroll of teleportation {unknown}
 i - a scroll of enchant armour {unknown}
 k - a scroll of identify {unknown}
 l - a scroll of blinking {unknown}
 m - a scroll of vulnerability {unknown}
Potions
 j - 2 potions of flight {unknown}
 n - a potion of might {unknown}


   Skills:
 + Level 3.9 Fighting
 + Level 4.3 Axes
 + Level 2.6 Dodging
 + Level 1.9 Stealth


You had one spell level left.
You didn't know any spells.
Your spell library contained the following spells:

 Spells                   Type           Power      Damage    Failure   Level
 Portal Projectile        Hex/Tloc       0%         N/A       75%         3
 Blade Hands              Tmut           0%         N/A       100%        5
 Excruciating Wounds      Necr           0%         N/A       100%        5


Dungeon Overview and Level Annotations

Branches:
Dungeon (4/15)
 Temple: D:4-7

Altars:


Message History

You see here a +0 ring mail.
There is an open door here.
A kobold comes into view. It is wielding a +0 dagger.
Found a fizzy amethyst potion.
You open the door.
An adder comes into view.
There is an open door here.
The adder hisses angrily.
The adder bites you. The adder closely misses you.
You hit the adder but do no damage. The adder bites you.
You barely miss the adder. Your punch misses the adder.
The adder barely misses you. The adder bites you.
You closely miss the adder. The adder bites you.
You miss the adder. The adder bites you. x2
You closely miss the adder. The adder barely misses you.
You barely miss the adder. The adder barely misses you.
You miss the adder. The adder barely misses you. The adder bites you.
You are poisoned.
The adder poisons you!
You closely miss the adder.
You feel sick. The adder misses you.
You hit the adder.
The adder is moderately wounded.
You feel sick. The adder closely misses you.
You hit the adder.
The adder is heavily wounded.
You feel sick. The adder bites you.
You are more poisoned.
The adder poisons you! The adder bites you.
* * * LOW HITPOINT WARNING * * *
You are more poisoned.
The adder poisons you!
Okay, then.
You miss the adder.
The adder is heavily wounded.
* * * LOW HITPOINT WARNING * * *
You feel very sick. The adder bites you.
* * * LOW HITPOINT WARNING * * *
You die...

#....#..#######
#>...##'##....# +#
#....#.[......# .#
#....#..##....# ..#
#....#..########..#
#....'...#........#
#....#...#........#
#....#...#..S.....# .
#....#...#...@#####K.
#....#...#....#.....#
#....'..#####'#....!+
#....#..#...........#
#....#..'...........#
#....####...........#
#....#..#......######
#....#..#......#
#....#..#......#


You could see an adder.

Vanquished Creatures
  A dart slug (D:1)
  2 endoplasms (D:3)
  3 giant cockroaches
  A goblin (D:4)
  A hobgoblin (D:1)
  A quokka (D:1)
  2 bats
  A frilled lizard (D:1)
  3 kobolds (D:1)
15 creatures vanquished.

Vanquished Creatures (others)
  A hobgoblin (D:3)
1 creature vanquished.

Grand Total: 16 creatures vanquished

Notes
Turn   | Place    | Note
-------+----------+-------------------------------------------
     0 | D:1      | eooof the Hill Orc Monk began the quest for the Orb.
     0 | D:1      | Reached XP level 1. HP: 19/19 MP: 1/1
   303 | D:1      | Reached XP level 2. HP: 19/27 MP: 2/2
   829 | D:3      | Became a worshipper of Beogh the Brigand
   829 | D:3      | Reached * piety under Beogh
   829 | D:3      | Reached ** piety under Beogh
  1672 | D:4      | Succumbed to an adder's poison

Illustrated notes

Levels and vault maps discovered:
D:1:      sevenhm_arrival_forest_fort_small_6, layout_basic,
          hangedman_decor_clover_reticule, minmay_split_cup_large
D:2:      layout_rooms, basic_altar, serial_shops, nicolae_shop_statue_plus,
          hellmonk_ecumenical_altar_inner_sanctum
D:3:      layout_loops_ring, serial_aquarium, aquarium_bridge_long_joined
          [aquarium_subvault_wall, aquarium_subvault_wall,
          aquarium_subvault_wall, aquarium_subvault_bridge,
          aquarium_subvault_bridge, aquarium_subvault_wall],
          aquarium_window_corridor_3, aquarium_window_1, aquarium_window_1,
          aquarium_window_fake, aquarium_view_2c, aquarium_view_2c
D:4:      layout_gridville, minmay_bent

Action                   || total
-------------------------++-------
Melee: Hand axe          ||    61
Invok: Convert to Beogh  ||     1
 Stab: Sleeping          ||     1
Armor: Robe              ||    14
Dodge: Dodged            ||    40
